 Dungeon Crawl Stone Soup version 0.28-a0-440-ge3cd3e9c68 (webtiles) character file.

Game seed: 2606360413569098960

91 gruber the Slasher (level 4, -20/58 HPs)
             Began as a Minotaur Berserker on Sept 11, 2021.
             Was a Believer of Trog.
             Killed from afar by Ijyb (37 damage)
             ... with a bolt of acid
             ... on level 3 of the Dungeon.
             The game lasted 00:01:36 (3199 turns).

gruber the Slasher (Minotaur Berserker)             Turns: 3199, Time: 00:01:36

Health: -20/58     AC:  0    Str: 22    XL:     4   Next: 33%
Magic:  3/3        EV: 12    Int:  4    God:    Trog [**....]
Gold:   134        SH:  0    Dex: 10    Spells: 3/3 levels left

rFire   + + .      SeeInvis .   n - +1 short sword (venom)
rCold   + + .      Faith    .   (no shield)
rNeg    . . .      Spirit   .   i - +1 robe {rC+ rF+}
rPois   .          Reflect  .   (helmet restricted)
rElec   .          Harm     .   j - scarf {rC+ rF+}
rCorr   .          Rampage  .   (no gloves)
Will    .....                   (no boots)
Stlth   ..........              (no amulet)
HPRegen 0.19/turn               (no ring)
MPRegen 0.08/turn               (no ring)

@: berserking, corroded, very quick
A: horns 2, retaliatory headbutt
a: Renounce Religion, Berserk, Trog's Hand


You were on level 3 of the Dungeon.
You worshipped Trog.
Trog was pleased with you.
You visited 1 branch of the dungeon, and saw 3 of its levels.

You collected 134 gold pieces.

Inventory:

Hand Weapons
 a - a +0 falchion
 n - a +1 short sword of venom (weapon)
Armour
 b - a +0 animal skin
 i - a +1 robe of resistance (worn)
 j - a scarf of resistance (worn)
Scrolls
 c - a scroll of acquirement {unknown}
 h - 3 scrolls of identify {unknown}
 k - a scroll of magic mapping {unknown}
 o - a scroll of fear {unknown}
 p - a scroll of silence {unknown}
Potions
 d - a potion of degeneration {unknown}
 e - 3 potions of curing {unknown}
 f - a potion of attraction {unknown}
 g - 3 potions of lignification {unknown}
 l - a potion of resistance {unknown}
 m - a potion of heal wounds {unknown}


   Skills:
 - Level 3.6 Fighting
 + Level 6.3 Long Blades
 - Level 2.4 Armour
 - Level 2.1 Dodging


You had 3 spell levels left.
You didn't know any spells.
Your spell library was empty.

Dungeon Overview and Level Annotations

Branches:
Dungeon (3/15)

Altars:

Annotations:
D:3 Ijyb


Innate Abilities, Weirdness & Mutations

You have a pair of horns on your head.
You reflexively headbutt those who attack you in melee.


Message History

You kill the orc!
Trog accepts your kill.
Things that are here:
a +0 short sword; a +0 leather armour No target in view!
Things that are here:
a +0 short sword; a +0 leather armour
There is an open door here.
As you open the door, it creaks loudly!
There is an open door here.
Found a book of Frost.
No target in view!
Ijyb the Twisted Goblin comes into view.
She is wielding a +0 club and carrying a wand of acid (9).
Ijyb shouts!
Ijyb is nearby!
Ijyb zaps a wand.
The bolt of acid hits you! The acid corrodes you!
Ijyb is nearby!
Ijyb is nearby!
You hit Ijyb but do no damage.
Ijyb is poisoned.
Ijyb is nearby!
You hit Ijyb.
Ijyb looks as sick as possible!
Ijyb is moderately wounded.
Ijyb barely misses you.
Ijyb is nearby!
You hit Ijyb but do no damage.
Ijyb looks as sick as possible!
You headbutt Ijyb, but do no damage.
Ijyb is moderately wounded.
Ijyb hits you with a +0 club!
You are too injured to fight recklessly!
You are too injured to fight recklessly!
Unknown command.
A red film seems to cover your vision as you go berserk!
You feel yourself moving faster!
You feel mighty! Ijyb hits you with a +0 club.
* * * LOW HITPOINT WARNING * * *
You completely miss Ijyb.
Ijyb is heavily wounded.
Ijyb screams, "You nasty!
Big nasty!"
Ijyb zaps a wand.
The bolt of acid hits you!!!
Ouch! That really hurt!
You die...

#.#..#.# ##......
#.##.#.# ##.####
#.##.#.# #.#
#.##.#:# #.#
#......# ##'##
####.### ##...##
#.# # ##.....##
#.#.## ##.......#
#@...####.........
#g......'.........
#....####.........
#.#.## #.......#
...## ##..†..##
..# ##...### .##
##'## # #. #)# #
#.# #


You could see Ijyb (extremely poisoned).

Vanquished Creatures
  Jessica (D:3)
  Robin (D:3)
  An adder (D:3)
  A dart slug (D:2)
  An orc (D:3)
  5 ball pythons
  An endoplasm (D:2)
  12 goblins
  2 hobgoblins
  2 jackals (D:2)
  2 kobolds
  A quokka (D:1)
  3 bats
  2 frilled lizards (D:3)
  2 rats (D:2)
37 creatures vanquished.

Notes
Turn   | Place    | Note
-------+----------+-------------------------------------------
     0 | D:1      | gruber the Minotaur Berserker began the quest for the Orb.
     0 | D:1      | Reached XP level 1. HP: 19/19 MP: 0/0
   138 | D:1      | Reached skill level 4 in Long Blades
   278 | D:1      | Reached XP level 2. HP: 20/26 MP: 1/1
   507 | D:1      | Found a faded altar of an unknown god.
  1649 | D:2      | Reached skill level 5 in Long Blades
  1924 | D:3      | Noticed Jessica
  1938 | D:3      | Killed Jessica
  1939 | D:3      | Reached XP level 3. HP: 19/31 MP: 2/2
  2276 | D:3      | Noticed Robin
  2283 | D:3      | Reached ** piety under Trog
  2289 | D:3      | Killed Robin
  2290 | D:3      | Reached skill level 6 in Long Blades
  2290 | D:3      | Reached XP level 4. HP: 18/39 MP: 3/3
  2302 | D:3      | HP: 1/39 [goblin[Robin] (5)]
  3191 | D:3      | Noticed Ijyb
  3199 | D:3      | Killed from afar by Ijyb

Illustrated notes

Levels and vault maps discovered:
D:1:      scummos_arrival_simple_crosswalls, layout_loops_corners,
          chequers_ecumenical_altar_simple_redux, glass_columns_c
D:2:      layout_basic
D:3:      layout_loops_corners, uniq_ijyb, uniq_robin, uniq_jessica

Skill      XL: |  1  2  3 |
---------------+----------+-----
Long Blades    | 4 5 6 |  6.3
Fighting       | |  3.6
Armour         | |  2.4
Dodging        | |  2.1

Action                   |  1- 3 |  4- 6 || total
-------------------------+-------+-------++-------
Melee: Falchion          |    54 |       ||    54
       Headbutt          |     5 |     4 ||     9
       Short sword       |    11 |    22 ||    33
Invok: Berserk           |     2 |     1 ||     3
 Stab: Sleeping          |     2 |     1 ||     3
Armor: Animal skin       |     4 |       ||     4
       Robe              |     9 |     3 ||    12
Dodge: Dodged            |    39 |     7 ||    46

Table legend: (Time is in decaauts)
 A = Elapsed time spent in this place.
 B = Non-inter-level travel time spent in this place.
 C = Inter-level travel time spent in this place.
 D = Time resting spent in this place.
 E = Time spent auto-exploring this place.
 F = Levels seen in this place.
 G = Mean time per level.
                   A        B        C        D        E       F      G
               +--------+--------+--------+--------+--------+-----+--------+
         Total |   3216 |   3098 |    118 |     31 |   2801 |   3 | 1072.0 |
       Dungeon |   3216 |   3098 |    118 |     31 |   2801 |   3 | 1072.0 |
               +--------+--------+--------+--------+--------+-----+--------+

Top non-repeatable levels by time:
     D:3: 1325 daAuts
     D:1: 1086 daAuts
     D:2: 805 daAuts
